 Dungeon Crawl Stone Soup version 0.23.2-1-ga50397a6bc (webtiles) character file.

Game seed: 14540034792161722301

133 Lennu the Shield-Bearer (level 4, -5/35 HPs)
             Began as a Demonspawn Fighter on Apr 25, 2019.
             Killed by divine providence
             ... invoked by an orc priest
              (17 damage)
             ... on level 3 of the Dungeon.
             The game lasted 00:04:25 (3005 turns).

Lennu the Shield-Bearer (Demonspawn Fighter)        Turns: 3005, Time: 00:04:28

Health: -5/35      AC:  6    Str: 21    XL:     4   Next: 94%
Magic:  4/4        EV:  7    Int: 10    God:
Gold:   171        SH:  9    Dex: 13    Spells: 3/3 levels left

rFire    . . .     SeeInvis .   a - +0 long sword
rCold    . . .     Gourm    .   c - +0 shield
rNeg     . . .     Faith    .   b - +0 scale mail
rPois    .         Spirit   .   (helmet restricted)
rElec    .         Reflect  .   (no cloak)
rCorr    .         Harm     .   (no gloves)
MR       .....                  (no boots)
Stlth    ..........             (no amulet)
HPRegen  0.11/turn              (no ring)
MPRegen  0.09/turn              (no ring)

@: mighty
A: horns 1, powered by death 1
a: no special abilities


You were on level 3 of the Dungeon.
You were not hungry.

You visited 1 branch of the dungeon, and saw 3 of its levels.

You collected 171 gold pieces.

Inventory:

Hand Weapons
 a - a +0 long sword (weapon)
Armour
 b - a +0 scale mail (worn)
 c - a +0 shield (worn)
Scrolls
 h - 3 scrolls of remove curse {unknown}
 i - 3 scrolls of identify {unknown}
 j - 2 scrolls of enchant armour {unknown}
 l - 2 scrolls of teleportation {unknown}
 m - a scroll of magic mapping {unknown}
 n - a scroll of enchant weapon {unknown}
 o - a scroll of fog {unknown}
 r - a scroll of blinking {unknown}
Potions
 d - a potion of might
 e - 2 potions of agility {unknown}
 g - a potion of curing {unknown}
 k - a potion of heal wounds {unknown}
 p - a potion of cancellation {unknown}
Comestibles
 f - 4 rations
 q - 8 chunks of flesh


   Skills:
 * Level 3.4 Fighting
 * Level 2.7 Long Blades
 * Level 3.6 Armour
 * Level 0.5 Dodging
 * Level 3.6 Shields


You had 3 spell levels left.
You didn't know any spells.
Your spell library was empty.

Dungeon Overview and Level Annotations

Branches:
Dungeon (3/15)

Altars:
Gozag

Annotations:
D:3 Ijyb


Innate Abilities, Weirdness & Mutations

You have a pair of small horns on your head.
You regenerate a little health from kills.


Message History

An adder comes into view.
You barely miss the orc priest.
The orc priest is moderately wounded.
The orc priest hits you but does no damage.
You block the orc's attack. The orc completely misses you.
You riposte.
You slash the orc!
You kill the orc!
Ijyb zaps a wand.
You are blasted!
The orc priest calls down the wrath of Beogh upon you.
Pain shoots through your body!
You feel very mighty all of a sudden.
The orc hits you from afar with a +0 trident.
You block the orc's attack. The orc priest barely misses you.
Your shield prevents you from hitting the orc priest.
The orc priest is lightly wounded.
The orc hits you from afar with a +0 trident.
The orc barely misses you.
The orc priest invokes the aid of Beogh against you.
Beogh smites you!
You die...

.## ... . ..## ..# .#...
.... .... .....
#..####.....#.....#
.w.##o............
###.#o.S...........
##...@og.#..<.......##
###...####..............
.### #....##
#...........#. ....
#.#.## #...........#.
#..##.#..#
+...........#.
#...รท....##
#..........##.
#..####...#
##.....#...###.
#..###..#.##
#......#######. #
.........#
##......#####..


You could see Ijyb, a worm, an orc priest, an adder and 2 orcs.

Vanquished Creatures
  Robin (D:2)
  2 adders (D:2)
  An ooze (D:1)
  2 worms (D:2)
  2 dart slugs
  3 leopard geckos
  2 orcs (D:3)
  5 giant cockroaches
  17 goblins
  6 hobgoblins
  7 jackals
  2 ball pythons (D:3)
  7 bats
  5 frilled lizards
  10 kobolds
  11 rats
83 creatures vanquished.

Notes
Turn   | Place    | Note
-------+----------+-------------------------------------------
     0 | D:1      | Lennu the Demonspawn Fighter began the quest for the Orb.
     0 | D:1      | Reached XP level 1. HP: 18/18 MP: 1/1
   586 | D:1      | Gained mutation: You have a pair of small horns on your
                  | head. [demonic ancestry]
   586 | D:1      | Reached XP level 2. HP: 24/24 MP: 2/2
   981 | D:1      | Reached XP level 3. HP: 24/29 MP: 3/3
  1995 | D:2      | Noticed Robin
  2006 | D:2      | Gained mutation: You regenerate a little health from kills.
                  | [demonic ancestry]
  2006 | D:2      | Reached XP level 4. HP: 33/35 MP: 4/4
  2042 | D:2      | Killed Robin
  2340 | D:2      | Found an opulent altar of Gozag.
  3000 | D:3      | Noticed Ijyb
  3005 | D:3      | Killed from afar by an orc priest

Skill      XL: |  1  2 |
---------------+-------+-----
Armour         | 3 |  3.6
Shields        | 3 |  3.6
Long Blades    | 2 |  2.7
Fighting       | |  3.4
Dodging        | |  0.5

Action                   |  1- 3 |  4- 6 || total
-------------------------+-------+-------++-------
Melee: Long sword        |   108 |   111 ||   219
       Headbutt          |    11 |    24 ||    35
  Use: Potion            |       |     1 ||     1
  Eat: Chunk             |     4 |     3 ||     7
Armor: Scale mail        |    52 |    52 ||   104
Dodge: Dodged            |    31 |    45 ||    76
Block: Shield            |    47 |    61 ||   108
       Rpst.: Long sword |    12 |    11 ||    23
